 Dungeon Crawl Stone Soup version 0.24-a0-762-gca426f56c8 (webtiles) character file.

Game seed: 9703540741877479439, levelgen mode: deterministic

23 Kairok the Sneak (level 3, 0/18 HPs)
             Began as a Vine Stalker Assassin on Oct 3, 2019.
             Slain by a hobgoblin
             ... wielding a +0 club
              (2 damage)
             ... on level 2 of the Dungeon.
             The game lasted 00:01:38 (659 turns).

Kairok the Sneak (Vine Stalker Assassin)             Turns: 659, Time: 00:01:38

Health: 0/18       AC:  9    Str: 13    XL:     3   Next: 0%
Magic:  0/4        EV:  5    Int: 11    God:
Gold:   0          SH:  0    Dex: 16    Spells: 2/2 levels left

rFire    . . .     SeeInvis .   a - +2 dagger
rCold    . . .     Gourm    .   (no shield)
rNeg     . . .     Faith    .   j - +0 chain mail
rPois    +         Spirit   +   (no helmet)
rElec    .         Reflect  .   c - +0 cloak
rCorr    .         Harm     .   (no gloves)
MR       .....                  (no boots)
Stlth    ..........             (no amulet)
HPRegen  0.06/turn              i - ring of poison resistance
MPRegen  0.09/turn              (no ring)

@: no status effects
A: fangs 2, magic shield, antimagic bite, no potion heal 3, rot immunity
a: no special abilities


You were on level 2 of the Dungeon.
You were not hungry.

You visited 1 branch of the dungeon, and saw 2 of its levels.

Inventory:

Hand Weapons
 a - a +2 dagger (weapon)
Missiles
 d - 8 poisoned darts (quivered)
 e - 2 curare-tipped darts
Armour
 b - a +0 robe
 c - a +0 cloak (worn)
 j - a +0 chain mail (worn)
Jewellery
 i - a ring of poison resistance (left hand)
Scrolls
 g - a scroll of enchant armour {unknown}
 k - a scroll of identify
 l - a scroll of immolation {unknown}
 m - a scroll of teleportation {unknown}
 o - 2 scrolls of remove curse
Potions
 h - 2 potions of curing
 n - a potion of cancellation
Comestibles
 f - 2 rations


   Skills:
 + Level 1.7 Fighting
 + Level 2.1 Short Blades
 + Level 1.7 Throwing
 + Level 0.8 Dodging
 + Level 5.7 Stealth


You had 2 spell levels left.
You didn't know any spells.
Your spell library was empty.

Dungeon Overview and Level Annotations

Branches:
Dungeon (2/15)

Altars:


Innate Abilities, Weirdness & Mutations

You have extremely sharp teeth.
When hurt, damage is shared between your health and your magic reserves.
Your bite disrupts and absorbs the magic of your enemies.
Potions cannot restore your health.
You are immune to rotting.


Message History

The jackal is heavily wounded.
The jackal bites you but does no damage.
You closely miss the jackal. Your bite misses the jackal.
The jackal is heavily wounded.
The jackal bites you. The jackal completely misses you.
You hit the jackal. You bite the jackal.
You kill the jackal!
You have reached level 3!
Your experience leads to an increase in your attributes!
Increase (S)trength, (I)ntelligence, or (D)exterity?
You feel agile. The hobgoblin hits you with a +0 club.
* * * LOW HITPOINT WARNING * * *
The hobgoblin hits you.
* * * LOW HITPOINT WARNING * * *
You hit the jackal.
The jackal is heavily wounded.
The jackal bites you but does no damage.
The hobgoblin hits you with a +0 club.
You die...

..# #.# ##.# ... ..##
... #..# ... #..# #.#
#..#####.##
..#######...##....#
......g@h.#.##.††.###
......g####.h#......#
#...... ##.###....#
##..... #..##....#
#...... ##†##....#
....... #.......#
.##.... #.......#
#.##. #.......#
#.......#


You could see a jackal and 2 hobgoblins.

Vanquished Creatures
  2 ball pythons
  A goblin (D:2)
  2 hobgoblins (D:1)
  5 jackals (D:2)
  3 bats
  A frilled lizard (D:1)
  6 kobolds (D:1)
  2 rats (D:1)
22 creatures vanquished.

Notes
Turn   | Place    | Note
-------+----------+-------------------------------------------
     0 | D:1      | Kairok the Vine Stalker Assassin began the quest for the
                  | Orb.
     0 | D:1      | Reached XP level 1. HP: 11/11 MP: 2/2
     2 | D:1      | Noticed a dwarf
     2 | D:1      | Noticed an elf
     6 | D:1      | Noticed a spriggan
     6 | D:1      | Noticed a demonspawn
     8 | D:1      | Noticed an octopode
     8 | D:1      | Noticed a human
    10 | D:1      | Noticed a troll
    10 | D:1      | Noticed a vine stalker
    12 | D:1      | Noticed a halfling
    12 | D:1      | Noticed a draconian
    14 | D:1      | Noticed a minotaur
    14 | D:1      | Noticed a vampire
    16 | D:1      | Noticed a centaur
    16 | D:1      | Noticed a felid
    18 | D:1      | Noticed a naga
    18 | D:1      | Noticed a merfolk
    20 | D:1      | Noticed an ogre
    22 | D:1      | Noticed a ghoul
    22 | D:1      | Noticed a demigod
    24 | D:1      | Noticed a tengu
    26 | D:1      | Noticed a gargoyle
    26 | D:1      | Noticed a formicid
    36 | D:1      | Reached skill level 5 in Stealth
   313 | D:1      | Reached XP level 2. HP: 15/15 MP: 3/3
   658 | D:2      | Reached XP level 3. HP: 6/18 MP: 2/4
   659 | D:2      | Slain by a hobgoblin

Levels and vault maps discovered:
D:1:      kb_arrival_jail, layout_basic
D:2:      layout_basic, eat_drink_and_be_merry_uskayaw,
          nicolae_dithmenos_shadow_blocks, minitemple,
          chequers_serial_rivers_large_a

Skill      XL: |  1  2 |
---------------+-------+-----
Stealth        | 5 |  5.7
Short Blades   | 2 |  2.1
Fighting       | |  1.7
Throwing       | |  1.7
Dodging        | |  0.8

Action                   || total
-------------------------++-------
Melee: Dagger            ||    62
       Bite              ||    10
  Use: Scroll            ||     2
       Potion            ||     1
 Stab: Sleeping          ||     3
Armor: Robe              ||     5
       Chain mail        ||    48
Dodge: Dodged            ||    35

Table legend:
 A = Non-vault XP
 B = Vault XP
 C = Vault XP percentage of total XP
 D = Non-vault monster count
 E = Vault monster count
 F = Vault count percentage of total count
                 A         B        C        D         E       F
            +---------+---------+-------+---------+---------+-------
      Total |      34 |       0 |   0.0 |      22 |       0 |   0.0
            +---------+---------+-------+---------+---------+-------
        D:1 |      19 |       0 |   0.0 |      14 |       0 |   0.0
        D:2 |      15 |       0 |   0.0 |       8 |       0 |   0.0
            +---------+---------+-------+---------+---------+-------
